 Dungeon Crawl Stone Soup version 0.18-a0-337-g1235303 (webtiles) character file.

2659 4thArraOfDagon the Basher (level 9, -4/97 HPs)
             Began as an Ogre Hunter on Nov 29, 2015.
             Was a Believer of Cheibriados.
             Slain by an eight-headed hydra (7 damage)
             ... on level 12 of the Dungeon.
             The game lasted 00:18:42 (2476 turns).

4thArraOfDagon the Basher (Ogre Hunter)             Turns: 2476, Time: 00:18:43

Health: -4/97      AC:  4    Str: 23    XL:     9   Next: 63%
Magic:  6/12       EV: 12    Int: 15    God:    Cheibriados [**....]
Gold:   244        SH:  0    Dex: 16    Spells: 0 memorised, 8 levels left

rFire  . . .     SeeInvis .     a - +3 flail
rCold  + . .     Clarity  .     b - +0 robe
rNeg   . . .     SustAt   .     (no shield)
rPois  .         Gourm    .     (helmet restricted)
rElec  .         Spirit   .     g - +0 cloak
rCorr  .         Warding  .     (gloves unavailable)
rMut   .         Stasis   .     (boots unavailable)
MR     .....                    v - amulet of regeneration
Stlth  ++........               (no ring)
                                f - ring of protection from cold

@: very slow, not resistant to hostile enchantments, unstealthy
A: unfitting armour, tough skin 1
a: Bend Time, Renounce Religion


You were on level 12 of the Dungeon.
You worshipped Cheibriados.
Cheibriados was pleased with you.
You were not hungry.

You visited 2 branches of the dungeon, and saw 13 of its levels.

You collected 244 gold pieces.

Inventory:

Hand Weapons
 a - a +3 flail (weapon)
 l - a +0 giant club
 q - a +0 giant spiked club
Missiles
 c - 4 large rocks (quivered)
Armour
 b - a +0 robe (worn)
 g - a +0 cloak (worn)
Magical Staves
 n - an uncursed staff of death {unknown}
Jewellery
 f - a ring of protection from cold (left hand)
 k - an uncursed amulet of resist mutation
 v - an amulet of regeneration (around neck)
Wands
 i - a wand of draining (0)
 j - a wand of enslavement (10)
 p - a wand of polymorph (0)
 r - a wand of random effects (0)
 u - a wand of flame (33)
Scrolls
 s - a scroll of remove curse
 t - a scroll of blinking
Potions
 d - a potion of might {unknown}
 m - a potion of flight {unknown}
Comestibles
 e - 4 bread rations
 h - 2 fruits
 o - 6 chunks of flesh
 w - 2 meat rations


   Skills:
 + Level 8.9 Fighting
 * Level 11.2 Maces & Flails
 - Level 4.0 Throwing
 + Level 4.5 Dodging
 - Level 0.7 Stealth
 + Level 4.8 Invocations
 - Level 1.0 Evocations


You had 8 spell levels left.
You didn't know any spells.

Dungeon Overview and Level Annotations

Branches:
Dungeon (12/15)            Temple (1/1) D:7
   Lair: D:8-11         Orc: D:9-12

Altars:
Ashenzari
Cheibriados
Dithmenos
Elyvilon
Fedhas
Kikubaaqudgha
Makhleb
Nemelex Xobeh
Qazlal
Ru
Trog
Vehumet
Yredelemnul
Zin
The Shining One
Beogh

Shops:
D:4 [   D:8 =

Annotations:
D:11 Snorg


Innate Abilities, Weirdness & Mutations

You are too large for most types of armour.
You have tough skin (AC +1).


Message History

The eight-headed hydra barely misses you.
The eight-headed hydra completely misses you.
The eight-headed hydra bites you! x2
The eight-headed hydra completely misses you.
Unknown command.
Unknown command.
The flow of time bends around you.
The eight-headed hydra resists with some effort.
You feel slightly more hungry. The eight-headed hydra bites you!
The eight-headed hydra bites you!
* * * LOW HITPOINT WARNING * * *
The eight-headed hydra bites you.
* * * LOW HITPOINT WARNING * * *
The eight-headed hydra bites you.
* * * LOW HITPOINT WARNING * * *
The eight-headed hydra bites you!
* * * LOW HITPOINT WARNING * * *
The eight-headed hydra closely misses you.
The eight-headed hydra bites you!
You die...

##...##.(###..##..##
.#.......(.........(
.#..................
.#..................
.##########.(.##..#
.
##...##..##...#####
..
#.....#..#........+
...
#(....#..#........#
.D..
#.....'..'......@.#


..ooo ##..###..###..###D#.....o ### ##'# #+###.$..o.# #..........#......#
#.(........#......# ############......# ######## You could see an eight-headed
hydra.

Vanquished Creatures
  A wyvern (D:8)
  A shadow (D:11)
  An orc warrior (D:11)
  A hippogriff (D:11)
  A hungry ghost (D:8)
  A mottled dragon (D:11)
  A wolf (D:8)
  A swamp drake (D:8)
  An ice beast (D:11)
  A water moccasin (D:8)
  3 ogres
  A big kobold (D:8)
  5 centaurs
  2 giant frogs
  A scorpion (D:7)
  2 killer bees (D:7)
  2 wights (D:8)
  A crimson imp (D:11)
  A jelly (D:7)
  2 giant frog skeletons
  A centaur skeleton (D:11)
  2 iguanas
  An orc wizard (D:12)
  A worker ant (D:5)
  A hound zombie (D:6)
  A hound skeleton (D:5)
  6 gnolls
  4 adders
  A shadow imp (D:8)
  2 adder skeletons
  An adder zombie (D:7)
  A giant gecko (D:8)
  9 orcs
  2 giant cockroaches
  A hobgoblin (D:3)
  A quokka (D:3)
  A bat (D:2)
  3 goblins
  5 kobolds
  A quokka zombie (D:7)
75 creatures vanquished.

Vanquished Creatures (collateral kills)
  An orc wizard (D:11)
  A centaur skeleton (D:11)
  2 orcs (D:11)
4 creatures vanquished.

Grand Total: 79 creatures vanquished

Notes
Turn   | Place    | Note
--------------------------------------------------------------
     0 | D:1      | 4thArraOfDagon the Ogre Hunter began the quest for the Orb.
     0 | D:1      | Reached XP level 1. HP: 22/22 MP: 1/1
    32 | D:2      | Found a faded altar to an unknown god.
   129 | D:3      | Reached XP level 2. HP: 6/31 MP: 2/2
   272 | D:4      | Reached XP level 3. HP: 24/39 MP: 3/3
   309 | D:4      | Reached XP level 4. HP: 16/48 MP: 4/4
   370 | D:4      | Found a roughly hewn altar of Beogh.
   391 | D:5      | Entered Level 5 of the Dungeon
   406 | D:5      | Reached XP level 5. HP: 13/55 MP: 5/5
   441 | D:5      | Noticed a centaur
   442 | D:5      | Killed a centaur
   442 | D:5      | Reached skill level 5 in Fighting
   442 | D:5      | Reached skill level 5 in Maces & Flails
   493 | D:4      | Found Fevic's Armour Emporium.
   764 | D:6      | Reached XP level 6. HP: 42/66 MP: 6/6
   873 | D:7      | Reached skill level 6 in Maces & Flails
   891 | D:7      | Reached skill level 1 in Evocations
  1000 | D:7      | rip
  1008 | D:7      | Reached skill level 7 in Maces & Flails
  1008 | D:7      | Reached XP level 7. HP: 60/75 MP: 7/7
  1070 | D:7      | Found a staircase to the Ecumenical Temple.
  1075 | Temple   | Entered the Ecumenical Temple
  1109 | Temple   | Became a worshipper of Cheibriados the Contemplative
  1461 | D:8      | Reached skill level 8 in Maces & Flails
  1461 | D:8      | Reached skill level 1 in Invocations
  1467 | D:8      | Found Guyweuv's Jewellery Emporium.
  1479 | D:8      | meh
  1577 | D:8      | Noticed a hungry ghost
  1589 | D:8      | Killed a hungry ghost
  1589 | D:8      | Reached XP level 8. HP: 34/87 MP: 9/9
  1625 | D:8      | Reached * piety under Cheibriados
  1625 | D:8      | Reached skill level 9 in Maces & Flails
  1671 | D:8      | :(
  1915 | D:10     | Entered Level 10 of the Dungeon
  1926 | D:10     | Reached skill level 10 in Maces & Flails
  1926 | D:10     | Reached XP level 9. HP: 86/96 MP: 11/11
  2230 | D:11     | Noticed Snorg
  2252 | D:11     | Reached ** piety under Cheibriados
  2261 | D:11     | Reached skill level 11 in Maces & Flails
  2402 | D:11     | Noticed a seven-headed hydra
  2468 | D:12     | Noticed an eight-headed hydra
  2476 | D:12     | HP: 3/97 [eight-headed hydra (16)]
  2476 | D:12     | Slain by an eight-headed hydra

Vault maps used:
D:1:      tarquinn_simple_flora_water_f
D:2:      ecumenical_altar_2, first_bread
D:3:      xom_redecorated
D:4:      serial_shops, shop, kennysheep_orc_chapel
D:7:      minmay_temple_entry_nine_rooms, uniq_pikel
D:8:      minmay_weird_star, serial_shops, shop, uniq_maurice, uniq_grum
D:9:      kennysheep_mini, orc_0_dummy, grunt_livestock,
          minmay_unpleasant_kobolds, uniq_prince_ribbit1
D:10:     lair_0_dummy, serial_shops, shop
D:11:     minmay_misc_feat_five, uniq_snorg
Temple:   kilobyte_greek_temple_18

Action                   |  1- 3 |  4- 6 |  7- 9 || total
-------------------------+-------+-------+-------++-------
Melee: Short sword       |    11 |       |       ||    11
       Flail             |       |    38 |    74 ||   112
       Unarmed           |       |       |    10 ||    10
Throw: Large rock        |    24 |    16 |    33 ||    73
       Throwing net      |     2 |     7 |    10 ||    19
Invok: Bend Time         |       |       |     2 ||     2
Evoke: Wand              |       |       |    18 ||    18
  Use: Scroll            |     1 |     3 |     5 ||     9
       Potion            |       |     3 |       ||     3
 Stab: Distracted        |       |       |     1 ||     1
  Eat: Royal jelly       |       |       |     1 ||     1
       Beef jerky        |       |       |     1 ||     1
       Meat ration       |       |       |     1 ||     1
